 Dungeon Crawl Stone Soup version 0.29.1-13-g9f3cf754e1 (webtiles) character file.

Game seed: 5484514627259621768

3783 tizbic2 the Ogre Mage (level 10, -8/100 HPs)
             Began as an Ogre Air Elementalist on Feb 6, 2023.
             Was a High Priest of Cheibriados.
             Mangled by a wraith (10 damage)
             ... on level 8 of the Dungeon.
             The game lasted 00:33:45 (7148 turns).

tizbic2 the Ogre Mage (Ogre Air Elementalist)       Turns: 7148, Time: 00:33:46

Health: -8/100     AC:  8    Str: 25    XL:     10   Next: 16%
Magic:  27/31      EV: 10    Int: 31    God:    Cheibriados [*****.]
Gold:   587        SH:  0    Dex: 20    Spells: 12/25 levels left

rFire   . . .      SeeInvis +   S - +6 trident (pain)
rCold   . . .      Faith    +   J - orb {light}
rNeg    . . .      Spirit   .   a - +2 robe
rPois   .          Reflect  .   (helmet restricted)
rElec   .          Harm     .   v - +2 cloak
rCorr   .          Rampage  .   (gloves unavailable)
Will    +....                   (boots unavailable)
Stlth   +.........              o - amulet of faith
HPRegen 0.26/turn               r - ring of magical power
MPRegen 0.22/turn               G - ring of see invisible

@: slowed, glowing, very slow
A: large, unfitting armour, tough skin 1
a: Renounce Religion, Bend Time, Temporal Distortion, Slouch, Step From Time


You were on level 8 of the Dungeon.
You worshipped Cheibriados.
Cheibriados was extremely pleased with you.
You visited 2 branches of the dungeon, and saw 9 of its levels.
You also visited: Sewer and Ossuary.

You collected 637 gold pieces.
You spent 50 gold pieces at shops.

Inventory:

Hand Weapons
 e - a +0 dagger of freezing
 m - a +0 quarterstaff
 w - a +0 hammer of protection
 y - a +0 whip of flaming
 z - a +0 giant spiked club
 L - a +3 war axe
 M - a +4 whip
 S - a +6 trident of pain (weapon)
Missiles
 f - 46 stones
 i - 18 poisoned darts
 k - 2 boomerangs
 q - a throwing net
Armour
 a - a +2 robe (worn)
 v - a +2 cloak (worn)
 J - an orb of light (worn)
Magical Staves
 t - a staff of cold
Jewellery
 j - an amulet of guardian spirit
 o - an amulet of faith (around neck)
 p - a ring of fire
 r - a ring of magical power (left hand)
 G - a ring of see invisible (right hand)
Wands
 n - a wand of light (8)
 V - a wand of roots (4)
Scrolls
 c - 2 scrolls of amnesia
 d - a scroll of fog
 g - 3 scrolls of teleportation
 l - a scroll of noise {unknown}
 B - a scroll of blinking
 C - a scroll of summoning
 F - a scroll of brand weapon {unknown}
 K - 2 scrolls of poison {unknown}
 O - 2 scrolls of immolation
 T - a scroll of enchant armour
 U - a scroll of vulnerability
Potions
 b - a potion of magic
 h - a potion of brilliance {unknown}
 s - 6 potions of degeneration {unknown}
 u - 6 potions of curing
 x - a potion of ambrosia
 A - 3 potions of heal wounds
 D - 3 potions of mutation {unknown}
 E - a potion of invisibility
 H - 3 potions of haste {unknown}
 I - 2 potions of lignification {unknown}
 N - a potion of berserk rage
 P - a potion of might
 Q - a potion of flight {unknown}
 R - 2 potions of attraction


   Skills:
 * Level 6.8 Fighting
 - Level 4.1(4.4) Maces & Flails
 + Level 1.5(2.1) Polearms
 - Level 2.1(3.8) Staves
 - Level 1.7 Dodging
 - Level 1.4 Stealth
 * Level 8.0 Spellcasting
 + Level 3.8 Conjurations
 + Level 3.5 Summonings
 * Level 2.2 Necromancy
 + Level 5.9 Air Magic
 + Level 2.7 Invocations
 - Level 2.3 Evocations


You had 12 spell levels left.
You knew the following spells:

 Your Spells              Type           Power      Damage    Failure   Level
a - Shock                 Conj/Air       100%       1d9       1%          1
b - Static Discharge      Conj/Air       42%        3-9/arc   1%          2
c - Airstrike             Air            24%        2d(4-20)  3%          4
d - Call Canine Familiar  Summ           34%        N/A       2%          3
e - Stone Arrow           Conj/Erth      48%        3d10      5%          3

Your spell library contained the following spells:

 Spells                   Type           Power      Damage    Failure   Level
 Swiftness                Air            49%        N/A       1%          3
 Sublimation of Blood     Necr           26%        N/A       2%          2
 Dazzling Flash           Conj/Hex       48%        N/A       5%          3
 Wereblood                Tmut           12%        N/A       6%          2
 Portal Projectile        Hex/Tloc       24%        N/A       12%         3
 Animate Armour           Summ/Erth      46%        N/A       19%         4
 Iskenderun's Mystic Bla  Conj/Tloc      24%        2d7       19%         4
 Leda's Liquefaction      Hex/Erth       6%         N/A       36%         4
 Starburst                Conj/Fire      12%        6d5       95%         6
 Summon Hydra             Summ           17%        N/A       100%        7
 Lehudib's Crystal Spear  Conj/Erth      12%        10d4      100%        8


Dungeon Overview and Level Annotations

Branches:
Dungeon (8/15)             Temple (1/1) D:4           Sewer (visited)
Ossuary (visited)
   Lair: D:8-11

Altars:
Ashenzari
Cheibriados
Dithmenos
Elyvilon
Fedhas
Hepliaklqana
Kikubaaqudgha
Makhleb
Nemelex Xobeh
Okawaru
Sif Muna
Wu Jian
Xom
Zin
The Shining One
Lugonu

Shops:
D:7 *


Innate Abilities, Weirdness & Mutations

You are too large for most types of armour.
You have tough skin. (AC +1)


Message History

The wraith drains your vigour!
You feel as though you will be slow longer.
The wraith closely misses you.
Casting: Call Canine Familiar (mildly dangerous; 2% risk of failure)
Confirm with . or Enter, or press ? or * to list all spells.
You miscast Static Discharge.
You are very lightly contaminated with residual magic.
Nothing appears to happen.
A jelly comes into view.
The wraith hits you.
* * * LOW HITPOINT WARNING * * *
The wraith drains your vigour!
You feel as though you will be slow longer.
The jelly quivers.
The wraith closely misses you. The wraith hits you.
* * * LOW HITPOINT WARNING * * *
The wraith drains your vigour!
You feel as though you will be slow longer.
Items here: ! $ ))) / [[[ †.
The wraith hits you.
* * * LOW HITPOINT WARNING * * *
The wraith misses you.
There is a stone staircase leading up, spattered with blood here.
You feel better. The jelly hits you but does no damage.
The wraith barely misses you.
Your magical contamination has completely faded away.
You hit the wraith.
The wraith is almost destroyed.
The jelly hits you.
* * * LOW HITPOINT WARNING * * *
You are splashed with acid!
* * * LOW HITPOINT WARNING * * *
The wraith hits you.
* * * LOW HITPOINT WARNING * * *
The jelly hits you.
* * * LOW HITPOINT WARNING * * *
You are splashed with acid!
* * * LOW HITPOINT WARNING * * *
The wraith hits you!
You die...

....# ...# ##
..... #..>##..
....# #...#..#
....##..../..
####.........#
#......#.>..#
#..))..# #@J.#
##W.## #)..#
##..# .....
.##### ##. ..
###..> .#
.#..# ..


You could see a wraith and a jelly.

Vanquished Creatures
  Pikel (D:6)
  Maurice (D:8)
  Sigmund (D:2)
  A wyvern (D:8)
  A golden eye (shapeshifter) (D:8)
  A steam dragon (D:8)
  An ice beast (D:6)
  3 black bears
  2 ogres
  3 phantoms
  A lemure (D:6)
  2 kobold brigands (D:8)
  3 bullfrogs
  2 gnoll sergeants
  A scorpion (D:5)
  2 wights
  2 howler monkeys
  A jelly (D:6)
  3 hounds
  2 orc priests
  Crazy Yiuf (D:2)
  2 orc wizards
  9 mummies
  10 gnolls
  11 adders
  A river rat (Sewer)
  2 shadow imps
  A white imp (D:6)
  An ufetubus (D:7)
  2 worms (D:3)
  5 dart slugs
  13 orcs
  3 bats
  8 endoplasms
  6 giant cockroaches
  A gnoll zombie (Ossuary)
  2 goblins
  5 hobgoblins
  11 jackals
  6 quokkas
  10 ball pythons
  4 frilled lizards
  9 kobolds
  2 kobold zombies (D:6)
  2 orc zombies (Ossuary)
  10 rats
171 creatures vanquished.

Vanquished Creatures (collateral kills)
  A water moccasin (D:7)
  An orc warrior (D:7)
  A killer bee (D:7)
  A hound (D:5)
  2 gnolls (D:6)
  An orc (D:7)
  A gnoll zombie (Ossuary)
  A kobold (D:8)
  3 hobgoblin zombies (Ossuary)
  An orc zombie (Ossuary)
13 creatures vanquished.

Vanquished Creatures (others)
  A fungus (D:2)
  A plant (D:1)
2 creatures vanquished.

Grand Total: 186 creatures vanquished

Notes
Turn   | Place    | Note
-------+----------+-------------------------------------------
     0 | D:1      | tizbic2 the Ogre Air Elementalist began the quest for the
                  | Orb.
     0 | D:1      | Reached XP level 1. HP: 16/16 MP: 3/3
    66 | D:1      | Reached skill level 1 in Fighting
   259 | D:1      | Reached XP level 2. HP: 27/27 MP: 0/5
   273 | D:1      | Found a faded altar of an unknown god.
   563 | D:1      | Learned a level 2 spell: Static Discharge
   732 | D:1      | Reached XP level 3. HP: 30/33 MP: 2/7
  1038 | D:2      | Reached skill level 3 in Spellcasting
  1294 | D:2      | Learned a level 3 spell: Swiftness
  1409 | D:2      | Noticed Sigmund
  1417 | D:2      | Killed Sigmund
  1418 | D:2      | Reached skill level 1 in Staves
  1418 | D:2      | Reached skill level 1 in Evocations
  1418 | D:2      | Reached XP level 4. HP: 26/44 MP: 9/9
  1418 | D:2      | Reached XP level 5. HP: 29/50 MP: 9/10
  1531 | D:2      | Reached skill level 4 in Spellcasting
  1783 | D:2      | Found a runed translucent door.
  1784 | D:2      | Noticed Crazy Yiuf
  1793 | D:2      | Killed Crazy Yiuf
  1794 | D:2      | Reached XP level 6. HP: 3/59 MP: 12/12
  2142 | D:3      | Found a broken altar of Ashenzari.
  2236 | D:3      | Found a snail-covered altar of Cheibriados.
  2249 | D:3      | Became a worshipper of Cheibriados the Contemplative
  2283 | D:3      | Found a shimmering blue altar of Sif Muna.
  2405 | D:3      | Learned a level 4 spell: Airstrike
  2680 | D:3      | Learned a level 3 spell: Call Canine Familiar
  2861 | D:4      | Noticed a black bear
  2867 | D:4      | Killed a black bear
  2868 | D:4      | Reached skill level 1 in Conjurations
  2868 | D:4      | Reached XP level 7. HP: 58/67 MP: 14/14
  2917 | D:4      | Found a staircase to the Ecumenical Temple.
  2971 | D:4      | Reached * piety under Cheibriados
  3016 | D:4      | Found a glowing drain.
  3020 | Sewer    | Entered a sewer
  3354 | Sewer    | Reached skill level 5 in Spellcasting
  3528 | D:4      | Reached ** piety under Cheibriados
  3881 | Temple   | Entered the Ecumenical Temple
  4040 | D:5      | Entered Level 5 of the Dungeon
  4045 | D:5      | Found an iron altar of Okawaru.
  4108 | D:5      | Reached skill level 1 in Summonings
  4153 | D:5      | Reached skill level 1 in Maces & Flails
  4493 | D:5      | Reached XP level 8. HP: 71/78 MP: 16/16
  4594 | D:5      | Reached skill level 5 in Air Magic
  4794 | D:6      | Reached skill level 6 in Spellcasting
  4864 | D:6      | Noticed Pikel
  4872 | D:6      | Killed Pikel
  4873 | D:6      | Reached skill level 5 in Fighting
  4873 | D:6      | Reached XP level 9. HP: 20/88 MP: 19/19
  5007 | D:6      | Reached *** piety under Cheibriados
  5015 | D:6      | Found a sand-covered staircase.
  5172 | Ossuary  | Entered an ossuary
  5459 | D:6      | Learned a level 3 spell: Stone Arrow
  5472 | D:6      | Found a hazy altar of Hepliaklqana.
  5677 | D:6      | Reached skill level 7 in Spellcasting
  5677 | D:6      | Reached skill level 1 in Invocations
  6007 | D:7      | Reached **** piety under Cheibriados
  6269 | D:7      | Found a shadowy altar of Dithmenos.
  6345 | D:7      | Found Ruceom's Assorted Antiques.
  6348 | D:7      | Bought a golden potion for 25 gold pieces
  6348 | D:7      | Bought a dark potion for 25 gold pieces
  6362 | D:7      | Found a glowing golden altar of the Shining One.
  6487 | D:7      | Found an ornate altar of the Wu Jian Council.
  6645 | D:8      | Reached skill level 1 in Necromancy
  6868 | D:8      | Reached skill level 1 in Polearms
  7044 | D:8      | Noticed Maurice
  7048 | D:8      | Killed Maurice
  7049 | D:8      | Reached XP level 10. HP: 91/100 MP: 16/21
  7069 | D:8      | Reached skill level 8 in Spellcasting
  7073 | D:8      | Reached ***** piety under Cheibriados
  7148 | D:8      | HP: 2/100 [acid (10)]
  7148 | D:8      | Mangled by a wraith

Illustrated notes

Levels and vault maps discovered:
D:1:      amcnicky_arrival_feature_with_door, layout_basic,
          dreamdust_ecumenical_altar_grove
D:2:      layout_rooms, hangedman_decor_push, grunt_ministairs_14,
          serial_bayou_pond_c, grunt_decor_cap, uniq_crazy_yiuf_cottage,
          uniq_sigmund
D:3:      layout_rooms, mainiacjoe_overflow_brackets,
          nicolae_overflow_crystal_walls, lemuel_crystal_altar
D:4:      black_bear_nest_2, layout_cave_pools, minmay_temple_entry_glass,
          gup_sewer_entry_spiral
D:5:      layout_rooms, mainiacjoe_overflow_six_doors_small
D:6:      layout_cave_pods, mainiacjoe_overflow_cross_hatched,
          nicolae_ossuary_entry_giza, uniq_pikel
D:7:      layout_cave_pools, kennysheep_mini_moat, mainiacjoe_overflow_alcove_1,
          tso_metal_star, serial_shops, kennysheep_mini, skrybe_limestone_x,
          hangedman_abyss_or_decor_jellyfish_corner, minmay_circle_x
D:8:      cheibrodos_fzero, layout_rooms, dk_yredelemnul_ordeal,
          gammafunk_temple_overflow_elements, minmay_manual_monolith,
          uniq_erica, uniq_maurice, uniq_psyche
Temple:   corrupted_temple

Skill      XL: |  1  2  3  4  5  6  7  8  9 10 |
---------------+-------------------------------+-----
Fighting       | 1 2 3 5 6 |  6.8
Air Magic      | 3 4 5 |  5.9
Spellcasting   | 3 4 5 6 7 8 |  8.0
Staves         | 1 2 |  2.1
Evocations     | 1 2 |  2.3
Conjurations   | 1 2 3 |  3.8
Summonings     | 1 2 3 |  3.5
Maces & Flails | 1 3 4 |  4.1
Invocations    | 2 |  2.7
Necromancy     | 1 2 |  2.2
Polearms       | 1 |  1.5
Dodging        | |  1.7
Stealth        | |  1.4

Action                   |  1- 3 |  4- 6 |  7- 9 | 10-12 || total
-------------------------+-------+-------+-------+-------++-------
Melee: Unarmed           |    10 |       |       |       ||    10
       Dagger            |    20 |       |       |       ||    20
       Quarterstaff      |    50 |    23 |       |       ||    73
       Staff             |       |    37 |    30 |       ||    67
       Punch             |       |     1 |       |       ||     1
       Mace              |       |       |   159 |       ||   159
       Trident           |       |       |    15 |    28 ||    43
 Cast: Shock             |    29 |    24 |    34 |       ||    87
       Static Discharge  |     6 |    14 |    36 |       ||    56
       Swiftness         |     1 |     2 |       |       ||     3
       Airstrike         |       |     4 |    13 |       ||    17
       Call Canine Famil |       |       |     8 |     2 ||    10
       Stone Arrow       |       |       |     6 |     2 ||     8
  Use: Scroll            |     1 |     5 |    13 |       ||    19
       Potion            |       |     1 |     3 |     1 ||     5
 Stab: Sleeping          |     2 |       |     5 |       ||     7
       Distracted        |       |       |       |     1 ||     1
Armor: Robe              |    29 |    32 |   134 |    12 ||   207
Dodge: Dodged            |    52 |    38 |   144 |    18 ||   252
